 Dungeon Crawl Stone Soup version 0.17.2-1-ge4368a0 (webtiles) character file.

9662 Goblin1989 the Grappler (level 11, -9/104 HPs)
             Began as a Troll Hunter on Sept 26, 2016.
             Was an Elder of Okawaru.
             Mangled by a blink frog (13 damage)
             ... on level 2 of the Lair of Beasts.
             The game lasted 00:32:27 (8392 turns).

Goblin1989 the Grappler (Troll Hunter)              Turns: 8392, Time: 00:32:27

Health: -9/104     AC:  9    Str: 22    XL:     11   Next: 26%
Magic:  10/10      EV: 15    Int:  7    God:    Okawaru [****..]
Gold:   386        SH: 14    Dex: 13    Spells: 0 memorised, 10 levels left

rFire  . . .     SeeInvis .       - Unarmed
rCold  . . .     Clarity  +     A - +0 robe
rNeg   . . .     SustAt   .     y - +2 shield
rPois  +         Gourm    +     (helmet restricted)
rElec  .         Spirit   .     (no cloak)
rCorr  .         Warding  .     (gloves unavailable)
rMut   .         Stasis   .     (boots unavailable)
MR     .....                    (no amulet)
Stlth  ++........               h - +4 ring of protection
                                o - ring of poison resistance

@: lethally poisoned (-9 -> -9), heroism, not resistant to hostile enchantments,
unstealthy
A: unfitting armour, claws 3, clarity, fast metabolism 3, gourmand, regeneration
2, shaggy fur 1, tough skin 2
a: Heroism, Renounce Religion


You were on level 2 of the Lair of Beasts.
You worshipped Okawaru.
Okawaru was greatly pleased with you.
You were very full.

You visited 3 branches of the dungeon, and saw 13 of its levels.

You collected 685 gold pieces.
You spent 299 gold pieces at shops.

Inventory:

Hand Weapons
 b - a +1 scimitar of flaming
Missiles
 c - 5 large rocks (quivered)
 Z - 2 throwing nets
Armour
 y - a +2 shield (worn)
 A - a +0 robe (worn)
Jewellery
 f - an uncursed ring of protection from fire
 h - a +4 ring of protection (right claw)
 o - a ring of poison resistance (left claw)
 D - an uncursed ring of sustain attributes
 F - an uncursed ring of ice
Scrolls
 i - 9 scrolls of remove curse {@r2}
 j - a scroll of enchant weapon {unknown}
 n - 3 scrolls of teleportation {unknown}
 q - 4 scrolls of enchant armour
 s - 2 scrolls of random uselessness {unknown}
 v - a scroll of recharging {unknown}
 x - 4 scrolls of noise {!r}
 B - 2 scrolls of blinking
 E - a scroll of fog {unknown}
 G - a scroll of amnesia {unknown}
 H - a scroll of holy word {unknown}
 M - 2 scrolls of magic mapping
 R - 3 scrolls of identify {@r1}
Potions
 a - a potion of agility
 d - a potion of might
 g - 2 potions of heal wounds {@q2}
 k - a potion of haste {@q3}
 m - a potion of brilliance
 p - 5 potions of curing {@q1}
 r - 5 potions of flight
 u - a potion of cancellation
 w - a potion of cure mutation
Comestibles
 e - 7 bread rations
 l - 6 meat rations
 t - 10 fruits
 z - a slice of pizza
 C - 3 royal jellies
 I - 3 chunks of flesh


   Skills:
 + Level 5.4(10.4) Fighting
 - Level 3.6(8.6) Throwing
 + Level 5.3(10.3) Dodging
 - Level 0.4(5.4) Stealth
 + Level 6.1(11.1) Shields
 * Level 13.0(18.0) Unarmed Combat


You had 10 spell levels left.
You didn't know any spells.

Dungeon Overview and Level Annotations

Branches:
Dungeon (10/15)            Temple (1/1) D:6            Lair (2/8) D:8
    Orc: D:9-12

Altars:
Ashenzari
Cheibriados
Dithmenos
Elyvilon
Fedhas
Gozag
Kikubaaqudgha
Makhleb
Nemelex Xobeh
Okawaru
Qazlal
Ru
Sif Muna
Trog
Vehumet
Xom
Yredelemnul
Zin
The Shining One

Shops:
D:5 %   D:7 }!!==

Portals:
Trove: D:10 (give 23 scrolls of identify)

Annotations:
D:6 Goblin1989's ghost, amateur TrHu


Innate Abilities, Weirdness & Mutations

You are too large for most types of armour.
You have claws for hands.
Your metabolism is lightning-fast.
You like to eat raw meat.
You heal very quickly.
You are covered in fur (AC +1).
You have very tough skin (AC +2).
You possess an exceptional clarity of mind.


Message History

You feel sick.
You scratch the blink frog.
The blink frog is lightly wounded.
The blink frog blinks!
The blink frog blinks!
You scratch the blink frog.
The blink frog is severely wounded.
You feel sick. The blink frog hits you!
* * * LOW HITPOINT WARNING * * *
The blink frog blinks!
Unknown command.
You feel sick.
You claw the blink frog!
The blink frog is heavily wounded.
You feel sick.
The blink frog hits you but does no damage.
The blink frog momentarily phases out as your attack passes through it.
The blink frog is heavily wounded.
The blink frog hits you!
You die...

ਜ.ਜ.ਜ....$.ਜ
.....P.....ਜਜ
.........÷..ਜਜਜਜਜਜ..
....................
....................
........†.ਜਜਜਜਜ.P.
..ਜ.Pਜ....ਜ ਜਜਜ.ਜਜ
ਜ.ਜਜਜ...ਜਜਜਜPP..ਜ ..
ਜ..FFਜਜ@...ਜ
.....F..§ਜ.ਜF...ਜ
...PP...ਜ..F...ਜ
.....P..........ਜ
....ਜਜ....ਜਜਜ...ਜ ..
ਜ.ਜਜਜਜ...ਜਜਜਜP..ਜ ..
P.ਜ
ਜ.ਜਜਜ....ਜ.ਜਜ..ਜਜਜP..
...ਜ
...................
....
...................
....


You could see 2 blink frogs.

Vanquished Creatures
  Erica (D:9)
  2 hill giants (D:10)
  Pikel (D:7)
  4 spiny frogs
  Prince Ribbit (D:6)
  A two-headed ogre (D:10)
  A blink frog (Lair:2)
  A hippogriff (Lair:2)
  A deep elf mage (D:10)
  2 wargs (D:8)
  Menkaure (D:6)
  3 hungry ghosts (D:8)
  2 porcupines (Lair:1)
  Duvessa (D:7)
  3 water moccasins
  A slave (D:7)
  3 sky beasts
  4 orc warriors
  2 black bears
  2 ice beasts (D:7)
  5 ogres
  A wasp (D:8)
  3 centaurs
  A necrophage (D:7)
  A phantom (D:6)
  A big kobold (D:9)
  3 crocodiles
  2 giant frogs
  Dowan (D:7)
  A water moccasin zombie (D:8)
  9 killer bees
  2 scorpions
  4 crimson imps
  A giant frog zombie (D:6)
  A hound (D:8)
  2 quasits
  2 centaur zombies
  2 iguanas
  5 orc priests
  2 jellies
  8 orc wizards
  2 centaur skeletons
  A giant frog skeleton (D:6)
  7 worker ants
  2 hound skeletons
  A worker ant zombie (D:9)
  10 adders
  8 river rats (Lair:1)
  An ooze (D:5)
  5 giant geckos
  35 orcs
  4 ball pythons
  6 bats
  4 giant cockroaches
  7 hobgoblins
  9 jackals
  9 kobolds
  3 quokkas
  2 giant newts
  9 goblins
  8 rats
227 creatures vanquished.

Vanquished Creatures (others)
  A slave (D:7)
  A worker ant (D:7)
  A butterfly (Temple)
  A fungus (D:4)
  A plant (Lair:2)
5 creatures vanquished.

Grand Total: 232 creatures vanquished

Notes
Turn   | Place    | Note
--------------------------------------------------------------
     0 | D:1      | Goblin1989 the Troll Hunter began the quest for the Orb.
     0 | D:1      | Reached XP level 1. HP: 19/19 MP: 0/0
    80 | D:1      | Reached skill level 1 in Unarmed Combat
   141 | D:1      | Reached XP level 2. HP: 19/27 MP: 1/1
   296 | D:1      | Reached XP level 3. HP: 33/33 MP: 2/2
   822 | D:2      | Reached skill level 1 in Shields
   879 | D:2      | Found a shattered altar of Ashenzari.
  1029 | D:2      | Reached XP level 4. HP: 41/41 MP: 3/3
  1882 | D:4      | Noticed an ogre
  1886 | D:4      | Killed an ogre
  1886 | D:4      | Reached skill level 4 in Unarmed Combat
  1886 | D:4      | Reached XP level 5. HP: 48/48 MP: 4/4
  1913 | D:4      | Noticed an ogre
  1922 | D:4      | Killed an ogre
  1959 | D:4      | Reached skill level 5 in Unarmed Combat
  1959 | D:4      | Reached XP level 6. HP: 50/55 MP: 5/5
  2037 | D:4      | You fall through a shaft for 3 floors!
  2059 | D:7      | Found a glowing golden altar of the Shining One.
  2059 | D:7      | Found a shadowy altar of Dithmenos.
  2126 | D:7      | Found Esaivekk's Distillery.
  2142 | D:7      | Bought a potion of curing for 39 gold pieces
  2142 | D:7      | Bought a potion of lignification for 39 gold pieces
  2142 | D:7      | Bought a potion of poison for 13 gold pieces
  2142 | D:7      | Bought a potion of flight for 39 gold pieces
  2142 | D:7      | Bought a potion of degeneration for 13 gold pieces
  2142 | D:7      | Bought a potion of brilliance for 52 gold pieces
  2313 | D:6      | Noticed Prince Ribbit
  2319 | D:6      | Killed Prince Ribbit
  2319 | D:6      | Reached skill level 6 in Unarmed Combat
  2325 | D:6      | Reached XP level 7. HP: 52/62 MP: 4/6
  2537 | D:6      | Noticed Goblin1989's ghost (amateur TrHu)
  2570 | D:5      | Entered Level 5 of the Dungeon
  2601 | D:5      | Reached skill level 7 in Unarmed Combat
  2899 | D:5      | Reached skill level 8 in Unarmed Combat
  2943 | D:5      | Reached XP level 8. HP: 56/70 MP: 5/7
  3193 | D:5      | Found Dykomaha's Food Boutique.
  3364 | D:6      | Reached skill level 9 in Unarmed Combat
  3544 | D:6      | Found a staircase to the Ecumenical Temple.
  3551 | Temple   | Entered the Ecumenical Temple
  3639 | Temple   | Became a worshipper of Warmaster Okawaru
  3743 | D:6      | Noticed Menkaure
  3752 | D:6      | Killed Menkaure
  4024 | D:7      | Reached skill level 10 in Unarmed Combat
  4114 | D:7      | Noticed Duvessa
  4114 | D:7      | Noticed Dowan
  4194 | D:7      | Reached * piety under Okawaru
  4233 | D:7      | Noticed Pikel
  4240 | D:7      | Killed Pikel
  4240 | D:7      | Reached XP level 9. HP: 77/80 MP: 5/8
  4252 | D:7      | Found Massiviy's Jewellery Boutique.
  4376 | D:7      | Reached ** piety under Okawaru
  4379 | D:7      | Found Baihixoo's Gadget Boutique.
  4455 | D:7      | Killed Duvessa
  4465 | D:7      | Killed Dowan
  4711 | D:7      | Found Tusmofif's Jewellery Shop.
  4787 | D:7      | Found Tobiuhodd's Distillery.
  4792 | D:7      | Bought a potion of might for 64 gold pieces
  4792 | D:7      | Bought a potion of mutation for 40 gold pieces
  4975 | D:8      | Reached skill level 11 in Unarmed Combat
  5136 | D:8      | Found a staircase to the Lair.
  5241 | D:8      | Reached *** piety under Okawaru
  5447 | D:8      | Reached XP level 10. HP: 65/92 MP: 9/9
  5451 | D:8      | Gained mutation: You possess an exceptional clarity of mind. [mutagenic meat]
  5866 | D:9      | Noticed Erica
  5921 | D:8      | Reached skill level 5 in Shields
  5957 | D:9      | Killed Erica
  5982 | D:9      | Reached skill level 12 in Unarmed Combat
  6463 | D:10     | Entered Level 10 of the Dungeon
  6472 | D:10     | Found a portal to a secret trove of treasure.
  6532 | D:10     | Noticed a hill giant
  6537 | D:10     | Killed a hill giant
  6537 | D:10     | Reached **** piety under Okawaru
  6537 | D:10     | Received a gift from Okawaru
  7103 | D:10     | Received a gift from Okawaru
  7132 | D:10     | Noticed a hill giant
  7140 | D:10     | Killed a hill giant
  7140 | D:10     | Reached skill level 5 in Fighting
  7318 | Lair:1   | Entered Level 1 of the Lair of Beasts
  7511 | Lair:1   | Reached XP level 11. HP: 69/102 MP: 10/10
  7738 | Lair:1   | Reached skill level 5 in Dodging
  8351 | Lair:2   | Reached skill level 13 in Unarmed Combat
  8385 | Lair:2   | HP: 1/104 [blink frog (8)]
  8391 | Lair:2   | HP: 3/104 [poisoned by a spiny frog]
  8392 | Lair:2   | Mangled by a blink frog

Action                   |  1- 3 |  4- 6 |  7- 9 | 10-12 || total
-------------------------+-------+-------+-------+-------++-------
Melee: Unarmed           |   132 |    56 |   291 |   285 ||   764
Throw: Large rock        |       |     9 |     9 |     9 ||    27
       Throwing net      |       |     2 |     2 |       ||     4
Invok: Heroism           |       |       |     3 |     8 ||    11
  Use: Scroll            |       |     4 |     2 |     6 ||    12
 Stab: Sleeping          |       |     1 |       |       ||     1
  Eat: Chunk             |    15 |     8 |    36 |    35 ||    94

Vault maps used:
D:1:      lightli_molten_gateway, minivault_26, st_stairs_6
D:2:      evilmike_ruin_ashenzari, grunt_ministairs_13
D:4:      serial_aquarium, aquarium_bridge_square, aquarium_window_corner,
          aquarium_window_fake, aquarium_window_corner, aquarium_view_2e,
          aquarium_pool_corner, corexii_checkpoint_a
D:5:      first_bread, serial_shops, shop
D:6:      minmay_temple_entry_butterflies, uniq_menkaure, uniq_prince_ribbit1
D:7:      gammafunk_temple_overflow_statue, serial_shops, shop_fountains, shop,
          shop, shop_fountains, kennysheep_little_box, uniq_pikel, uniq_duvessa
D:8:      erik_lair_orcish_takeover
D:9:      serial_column_ruins, column_ruins_square_small,
          column_ruins_courtyard_long, column_ruins_columns_straight,
          column_ruins_corridor_dead_end, column_ruins_corridor_straight,
          column_ruins_grid_3, column_ruins_open_large,
          column_ruins_columns_straight, uniq_erica
D:10:     enter_trove_1
Temple:   lightli_temple_of_artemis
Lair:1:   lemuel_fruit_tree
